 Dungeon Crawl Stone Soup version 0.31-a0-208-gdb31a4691d (webtiles) character file.

Game seed: 9086327348983478849

128 rabbitsville the Trooper (level 5, 0/72 HPs)
             Began as a Hill Orc Fighter on June 29, 2023.
             Was a Follower of Qazlal.
             Killed by divine providence
             ... invoked by an orc priest
              (8 damage)
             ... on level 3 of the Dungeon.
             The game lasted 00:04:58 (2260 turns).

rabbitsville the Trooper (Hill Orc Fighter)         Turns: 2260, Time: 00:04:58

Health: 0/72       AC:  3    Str: 20    XL:     5   Next: 11%
Magic:  6/6        EV:  9    Int:  7    God:    Qazlal [*.....]
Gold:   111        SH:  6    Dex: 14    Spells: 4/4 levels left

rFire   . . .        o - +0 morningstar
rCold   . . .        c - +0 buckler
rNeg    . . .        b - +0 scale mail
rPois   .            (no helmet)
rElec   .            (no cloak)
rCorr   .            (no gloves)
SInv    .            (no boots)
Will    .....        h - amulet of the acrobat Stlth
                     (no ring)
HPRegen 0.32/turn    (no ring)
MPRegen 0.10/turn

%: acrobat
@: berserking, very quick
A: agile 1, deformed body
a: Renounce Religion, Convert to Beogh


You were on level 3 of the Dungeon.
You worshipped Qazlal.
Qazlal was aware of your devotion.
You visited 1 branch of the dungeon, and saw 3 of its levels.

You collected 111 gold pieces.

Inventory:

Hand Weapons
 a - a +0 flail
 o - a +0 morningstar (weapon)
Armour
 b - a +0 scale mail (worn)
 c - a +0 buckler (worn)
Jewellery
 h - an amulet of the acrobat (around neck)
Scrolls
 e - a scroll of revelation {unknown}
 f - 3 scrolls of identify {unknown}
 g - 5 scrolls of teleportation {unknown}
 i - a scroll of amnesia {unknown}
 k - 2 scrolls of immolation {unknown}
 l - a scroll of noise {unknown}
 p - a scroll of poison {unknown}
 q - a scroll of acquirement {unknown}
Potions
 d - 2 potions of might
 m - a potion of brilliance {unknown}
 n - a potion of mutation
 r - a potion of ambrosia {unknown}
 s - a potion of lignification {unknown}


   Skills:
 * Level 5.1 Fighting
 * Level 3.9 Maces & Flails
 - Level 3.2 Armour
 - Level 3.6 Shields
 + Level 1.8 Invocations


You had 4 spell levels left.
You didn't know any spells.
Your spell library contained the following spells:

 Spells                   Type           Power      Damage    Failure   Level
 Magic Dart               Conj           0%         1d3       86%         1
 Call Imp                 Summ           0%         N/A       94%         2
 Call Canine Familiar     Summ           0%         N/A       99%         3
 Mephitic Cloud           Conj/Pois/Air  0%         N/A       99%         3
 Portal Projectile        Hex/Tloc       0%         N/A       99%         3
 Leda's Liquefaction      Hex/Erth       0%         N/A       100%        4
 Iskenderun's Battlesphe  Conj           0%         2d6       100%        5
 Leda's Unmaking          Conj/Erth      0%         9d1       100%        6
 Spellforged Servitor     Conj/Summ      0%         N/A       100%        7


Dungeon Overview and Level Annotations

Branches:
Dungeon (3/15)

Altars:
Qazlal


Innate Abilities, Weirdness & Mutations

You are agile. (Dex +4, Str/Int -1)
Armour fits poorly on your strangely shaped body.


Message History

The orc shouts!
You thump the adder!
You kill the adder!
Qazlal accepts your kill.
You thump the orc!
You kill the orc!
Qazlal accepts your kill.
The orc priest calls down the wrath of Beogh upon you.
Beogh smites you!
You completely miss the orc. The orc closely misses you.
You hit the orc but do no damage. You block the orc's attack.
The orc barely misses you.
You barely miss the orc.
The orc hits you with a +3 flail of protection.
You barely miss the orc.
The orc priest miscasts a cantrip.
The orc hits you with a +3 flail of protection.
The orc barely misses you.
You hit the orc but do no damage. The orc barely misses you.
The orc priest looks braver for a moment.
You closely miss the orc.
The orc priest looks braver for a moment.
You block the orc's attack.
You hit the orc.
The orc is severely wounded.
The orc priest calls down the wrath of Beogh upon you.
Beogh smites you! The orc closely misses you.
The orc hits you with a +3 flail of protection.
* * * LOW HITPOINT WARNING * * *
It was a potion of mutation.
You feel extremely strange.
Your body twists and deforms.
You feel agile.
The orc hits you with a +3 flail of protection.
* * * LOW HITPOINT WARNING * * *
Okay, then.
It was a potion of berserk rage.
A red film seems to cover your vision as you go berserk!
You feel yourself moving faster!
You feel mighty!
The orc priest calls down the wrath of Beogh upon you.
Beogh smites you!
You die...

#.##.# .# #.##.#
####.# #.##.#
#....# ..##.#
#.#..#
####)###...####
#..........#
#..###.###.# #
.....#
#.###.######...#
#####.#
#.......@oo.....
#.#
#####.####o#...#
#.#######.# # #
#.........#
###########


You could see an orc priest and 2 orcs.

Vanquished Creatures
  3 gnolls (D:2)
  2 adders
  3 worms
  3 orcs (D:3)
  6 ball pythons
  2 endoplasms (D:3)
  2 giant cockroaches (D:1)
  5 hobgoblins
  4 jackals (D:2)
  9 kobolds
  5 quokkas
  7 bats
  2 frilled lizards
  7 goblins
  7 rats
67 creatures vanquished.

Notes
Turn   | Place    | Note
-------+----------+-------------------------------------------
     0 | D:1      | rabbitsville the Hill Orc Fighter began the quest for the
                  | Orb.
     0 | D:1      | Reached XP level 1. HP: 19/19 MP: 1/1
   211 | D:1      | Reached XP level 2. HP: 26/27 MP: 2/2
   299 | D:1      | Reached skill level 4 in Fighting
   569 | D:1      | Found a faded altar of an unknown god.
   731 | D:1      | Reached XP level 3. HP: 33/33 MP: 3/3
  1036 | D:2      | Found a stormy altar of Qazlal.
  1045 | D:2      | Became a worshipper of Qazlal Stormbringer
  1086 | D:2      | Reached skill level 1 in Invocations
  1086 | D:2      | Reached XP level 4. HP: 26/41 MP: 4/4
  1630 | D:2      | Reached * piety under Qazlal
  1919 | D:3      | Reached skill level 5 in Fighting
  2180 | D:3      | Reached XP level 5. HP: 43/48 MP: 6/6
  2259 | D:3      | Gained mutation: Armour fits poorly on your strangely
                  | shaped body. [potion of mutation]
  2259 | D:3      | Gained mutation: You are agile. (Dex +4, Str/Int -1)
                  | [potion of mutation]
  2260 | D:3      | Killed from afar by an orc priest

Illustrated notes

Levels and vault maps discovered:
D:1:      matt_arrival_grand_opening, layout_basic,
          chequers_ecumenical_altar_simple_redux, corexii_hall_statues_l
D:2:      layout_loops_cross, basic_altar
D:3:      layout_loops_corners, kennysheep_generic_room_13,
          uniq_crazy_yiuf_cottage

Skill      XL: |  1  2  3  4 |
---------------+-------------+-----
Fighting       | 4 5 |  5.1
Maces & Flails | 3 |  3.9
Invocations    | 1 |  1.8
Armour         | |  3.2
Shields        | |  3.6

Action                     |  1- 3 |  4- 6 || total
---------------------------+-------+-------++-------
  Melee: Flail             |   120 |    80 ||   200
         Morningstar       |       |    30 ||    30
    Use: Potion            |       |     2 ||     2
 Armour: Scale mail        |    59 |    38 ||    97
  Dodge: Dodged            |    59 |    57 ||   116
  Block: Buckler           |    25 |    28 ||    53

Table legend: (Time is in decaauts)
 A = Elapsed time spent in this place.
 B = Non-inter-level travel time spent in this place.
 C = Inter-level travel time spent in this place.
 D = Time resting spent in this place.
 E = Time spent auto-exploring this place.
 F = Levels seen in this place.
 G = Mean time per level.
                   A        B        C        D        E       F      G
               +--------+--------+--------+--------+--------+-----+--------+
         Total |   2325 |   2226 |     99 |      0 |   1590 |   3 |  775.0 |
       Dungeon |   2325 |   2226 |     99 |      0 |   1590 |   3 |  775.0 |
               +--------+--------+--------+--------+--------+-----+--------+

Top non-repeatable levels by time:
     D:2: 979 daAuts
     D:1: 929 daAuts
     D:3: 416 daAuts
